 Dungeon Crawl Stone Soup version 0.17.1-3-g152610e (webtiles) character file.

82 kaze the Skirmisher (level 4, -1/40 HPs)
             Began as a Draconian Berserker on Mar 30, 2016.
             Was a Believer of Trog.
             Slain by a gnoll
             ... wielding a cursed -1 spear
              (3 damage)
             ... on level 3 of the Dungeon.
             The game lasted 00:02:19 (1541 turns).

kaze the Skirmisher (Draconian Berserker)           Turns: 1541, Time: 00:02:19

Health: -1/40      AC:  6    Str: 21    XL:     4   Next: 21%
Magic:  4/4        EV: 16    Int:  7    God:    Trog [**....]
Gold:   140        SH:  3    Dex: 10    Spells: 0 memorised, 3 levels left

rFire  . . .     SeeInvis .     a - +0 hand axe
rCold  . . .     Clarity  .     (armour unavailable)
rNeg   . . .     SustAt   .     p - +0 buckler
rPois  .         Gourm    .     (helmet restricted)
rElec  .         Spirit   .     (no cloak)
rCorr  .         Warding  .     (no gloves)
rMut   .         Stasis   .     s - +0 pair of boots
MR     .....                    (no amulet)
Stlth  +.........               (no ring)
                                c - +4 ring of evasion

@: starving, not resistant to hostile enchantments, very unstealthy
A: unfitting armour, cold-blooded, AC +5
a: Berserk, Trog's Hand, Burn Spellbooks, Renounce Religion


You were on level 3 of the Dungeon.
You worshipped Trog.
Trog was pleased with you.
You were starving.

You visited 1 branch of the dungeon, and saw 3 of its levels.

You collected 140 gold pieces.

Inventory:

Hand Weapons
 a - a +0 hand axe (weapon)
Missiles
 d - 2 tomahawks (quivered)
Armour
 p - a +0 buckler (worn)
 s - a +0 pair of boots (worn)
Jewellery
 c - a +4 ring of evasion (left hand)
Scrolls
 f - a scroll of identify {unknown}
 g - a scroll of remove curse {unknown}
 h - 2 scrolls of enchant weapon {unknown}
 k - a scroll of amnesia {unknown}
 l - a scroll of enchant armour {unknown}
 o - 2 scrolls of teleportation {unknown}
 q - a scroll of noise {unknown}
 t - a scroll of fear {unknown}
Potions
 e - a potion of degeneration {unknown}
 i - a potion of brilliance {unknown}
 j - a potion of cure mutation {unknown}
 m - a potion of flight {unknown}
 n - 3 potions of haste {unknown}
Comestibles
 b - 2 bread rations
 r - 3 fruits
 u - a meat ration


   Skills:
 + Level 4.0 Fighting
 + Level 3.5 Axes
 + Level 3.5 Dodging
 + Level 1.0 Stealth


You had 3 spell levels left.
You didn't know any spells.

Dungeon Overview and Level Annotations

Branches:
Dungeon (3/15)

Altars:


Innate Abilities, Weirdness & Mutations

Your plain brown scales are hard (AC +5).
Your body does not fit into most forms of armour.
You are cold-blooded and may be slowed by cold attacks.


Message History

* * * LOW HITPOINT WARNING * * *
You see here a halberd.
You hit the gnoll but do no damage. The gnoll closely misses you.
You barely miss the gnoll. The gnoll barely misses you.
You closely miss the gnoll.
Your tail-slap misses the gnoll.
The gnoll barely misses you. x2
You closely miss the gnoll.
Your tail-slap misses the gnoll.
The gnoll hits you with a spear.
* * * LOW HITPOINT WARNING * * *
You hit the gnoll.
You tail-slap the gnoll, but do no damage.
The gnoll is lightly wounded.
The gnoll completely misses you.
You slash the gnoll! You tail-slap the gnoll.
The gnoll is almost dead.
The gnoll closely misses you.
You hit the gnoll but do no damage.
The gnoll is almost dead.
The gnoll hits you with a spear.
You die...

... ... .. #.#
#. #?# ##
#.##.# #.
#)r#.##$#.##
#.#....#..#
#...#####.#
#####r.#...#.#
#.....)..#.#@#
#.....>.....g#
#........#.###
............#
###########..#
.... ### #†.#
.....#<####..#
#...........# #
##.....†...##.#


You could see a gnoll.

Vanquished Creatures
  2 gnolls (D:3)
  2 adders
  An ooze (D:1)
  3 worms
  9 bats
  5 goblins
  4 hobgoblins
  4 kobolds
  A ball python (D:1)
  A giant gecko (D:2)
  2 giant newts (D:1)
  A rat (D:2)
35 creatures vanquished.

Notes
Turn   | Place    | Note
--------------------------------------------------------------
     0 | D:1      | kaze the Draconian Berserker began the quest for the Orb.
     0 | D:1      | Reached XP level 1. HP: 19/19 MP: 1/1
    68 | D:1      | Reached XP level 2. HP: 19/26 MP: 2/2
   822 | D:2      | Reached ** piety under Trog
   822 | D:2      | Reached XP level 3. HP: 29/33 MP: 3/3
  1520 | D:3      | Reached skill level 1 in Stealth
  1520 | D:3      | Reached XP level 4. HP: 19/40 MP: 4/4
  1533 | D:3      | Reached skill level 4 in Fighting
  1538 | D:3      | HP: 2/40 [gnoll/spear (5)]
  1541 | D:3      | Slain by a gnoll

Action                   |  1- 3 |  4- 6 || total
-------------------------+-------+-------++-------
Melee: Hand axe          |   135 |    19 ||   154
Invok: Trog's Hand       |     1 |       ||     1
 Stab: Sleeping          |     2 |       ||     2
